 Dungeon Crawl Stone Soup version 0.10.4 character file.

27 tukaar the Grave Robber (level 1, -14/14 HPs)
             Began as a Draconian Necromancer on July 5, 2023.
             Demolished by a kobold
             ... wielding a +2,+2 whip of electrocution
              (19 damage)
             ... on Level 1 of the Dungeon.
             The game lasted 00:17:37 (433 turns).

tukaar the Grave Robber (Draconian Necromancer)      Turns: 433, Time: 00:17:37

HP -14/14        AC  4     Str 10      XL: 1   Next: 91%
MP   1/3         EV 12     Int 15      God:
Gold 20          SH  0     Dex 11      Spells:  2 memorised,  0 levels left

Res.Fire  : . . .   See Invis. : .   (no weapon)
Res.Cold  : . . .   Warding    : . . (armour unavailable)
Life Prot.: . . .   Conserve   : .   (no shield)
Res.Acid. : . . .   Res.Corr.  : .   (helmet restricted)
Res.Poison: .       Clarity    : .   (no cloak)
Res.Elec. : .       Spirit.Shd : .   (no gloves)
Sust.Abil.: . .     Stasis     : .   (no boots)
Res.Mut.  : .       Ctrl.Telep.: .   (no amulet)
Res.Rott. : .       Levitation : .   (no ring)
Saprovore : . . .   Ctrl.Flight: +   (no ring)

@: not resistant to hostile enchantments, unstealthy
A: unfitting armour
a: no special abilities


You were on level 1 of the Dungeon.
You were full.

You visited 1 branch of the dungeon, and saw 1 of its levels.

Inventory:

Missiles
 e - a +0 throwing net
 f - 14 +0 darts (quivered)
 g - 33 +2 sling bullets
Comestibles
 a - a rotting chunk of ball python flesh
 c - a chunk of bat flesh
 d - a chunk of goblin flesh
 h - 2 chunks of goblin flesh
Scrolls
 i - a scroll of enchant weapon I {unknown}
Books
 b - a book of Necromancy

   Spells                             Type                      Level
   *Pain                              Necromancy                   1
   *Animate Skeleton                  Necromancy                   1
   Lethal Infusion                    Charms/Necromancy            2
   Vampiric Draining                  Necromancy                   3
   Regeneration                       Charms/Necromancy            3
   Animate Dead                       Necromancy                   4
   Control Undead                     Necromancy                   4


   Skills:
 + Level 1.9 Dodging
 + Level 1.7 Stealth
 + Level 0.2 Traps & Doors
 + Level 1.3 Spellcasting
 + Level 4.1 Necromancy


You couldn't memorise any spells.
You knew the following spells:

 Your Spells              Type           Power        Failure   Level  Hunger
a - Pain                  Necr           ###..        6%          1    Strawberry
b - Animate Skeleton      Necr           N/A          6%          1    Strawberry

Dungeon Overview and Level Annotations

Branches:
Dungeon (1/27)

Altars:


Message History

Confirm with . or Enter, or press ? or * to list all spells.
Aiming: Pain
Press: ? - help, Shift-Dir - straight line, f/p - kobold
Aim: a kobold, wielding a whip of electrocution The kobold convulses in agony!
The kobold hits you but does no damage.
Throwing (i - inventory. (,) - cycle):
f - 16 darts (quivered)
Press: ? - help, Shift-Dir - straight line, f/p - kobold
Aim: a kobold, wielding a whip of electrocution (heavily wounded)
You throw a dart. The dart hits the kobold.
The kobold is almost dead.
The kobold barely misses you.
Throwing (i - inventory. (,) - cycle):
f - 15 darts (quivered)
Press: ? - help, Shift-Dir - straight line, f/p - kobold
Aim: a kobold, wielding a whip of electrocution (almost dead)
You throw a dart. The dart misses the kobold.
The dart misses the bat.
The dart hits the hobgoblin.
The hobgoblin is heavily wounded.
The kobold hits you but does no damage.
You are electrocuted!
Ouch! That really hurt!
You die...

...........g.............#.#.##z#
################.#########.# ##.#
#.# #.# #.# #.# #.# #.# #(# #.#
#.# #g# #.# #.# ####### #b# #.#
#.# ###.<.<.# #K# #.# #.#
##...##..# #@# #.# #.# #..####..#
#.# #.# ..## ##.<# #.# #.# .##
#..# #.# #.# .# #.## #.# #.# ###
#..# #.# #.# ..####...# #.# #.#
........## ... #.# .......## #.#
#.#


You could see a hobgoblin, a kobold and a bat.

Vanquished Creatures
  A bat (D:1)
  2 giant cockroaches (D:1)
  A kobold (D:1)
  A ball python (D:1)
5 creatures vanquished.

Vanquished Creatures (collateral kills)
  2 goblins (D:1)
2 creatures vanquished.

Vanquished Creatures (others)
  A bat skeleton (D:1)
  A ball python skeleton (D:1)
  2 goblin skeletons (D:1)
4 creatures vanquished.

Grand Total: 11 creatures vanquished

Notes
Turn   | Place    | Note
--------------------------------------------------------------
     0 | D:1      | tukaar, the Draconian Necromancer, began the quest for the Orb.
     0 | D:1      | Reached XP level 1. HP: 14/14 MP: 3/3
    22 | D:1      | Learned a level 1 spell: Animate Skeleton
   433 | D:1      | Demolished by a kobold
